 Dungeon Crawl Stone Soup version 0.31.0-11-ge490571c62 (webtiles) character file.

Game seed: 11584823278062291349

11 Skitler the Trooper (level 2, -3/24 HPs)
             Began as a Mummy Fighter on Jan 30, 2024.
             Slain by a gnoll
             ... wielding a +0 spear
              (4 damage)
             ... on level 1 of the Dungeon.
             The game lasted 00:01:16 (205 turns).

Skitler the Trooper (Mummy Fighter)                  Turns: 205, Time: 00:01:17

Health: -3/24      AC:  6    Str: 19    XL:     2   Next: 17%
Magic:  2/2        EV:  9    Int:  7    God:
Gold:   22         SH:  4    Dex: 11    Spells: 1/1 levels left

rFire   x . .        a - +0 war axe
rCold   + . .        c - +0 buckler
rNeg    + + +        b - +0 scale mail
rPois   ∞            (no helmet)
rElec   .            (no cloak)
rCorr   .            (no gloves)
SInv    .            (no boots)
Will    .....        (no amulet) Stlth
                     (no ring)
HPRegen 0.24/turn    (no ring)
MPRegen 0.08/turn

%: faith
@: no status effects
A: cold resistance 1, negative energy resistance 3, torment resistance 2, heat
vulnerability 1, in touch with death 1, no potions, faith
a: no special abilities


You were on level 1 of the Dungeon.
You visited 1 branch of the dungeon, and saw 1 of its levels.

You collected 22 gold pieces.

Inventory:

Hand Weapons
 a - a +0 war axe (weapon)
 f - a +2 dagger of venom
Armour
 b - a +0 scale mail (worn)
 c - a +0 buckler (worn)
Scrolls
 d - 3 scrolls of identify {unknown}
 e - a scroll of revelation {unknown}


   Skills:
 * Level 3.2 Fighting
 * Level 1.8 Axes
 + Level 2.4 Armour
 * Level 2.6 Shields


You had one spell level left.
You didn't know any spells.
Your spell library contained the following spells:

 Spells                   Type           Power      Damage    Failure   Level
 Sting                    Conj/Alch      0%         1d3       87%         1
 Mercury Vapours          Alch/Air       0%         N/A       95%         2
 Olgreb's Toxic Radiance  Alch           0%         N/A       100%        4


Dungeon Overview and Level Annotations

Branches:
Dungeon (1/15)

Altars:


Innate Abilities, Weirdness & Mutations

You are immune to poison.
Your flesh is cold resistant. (rC+)
You are immune to negative energy. (rN+++)
You are immune to unholy pain and torment.
You are vulnerable to heat. (rF-)
You are in touch with the powers of death.
You do not drink.
You have a special connection with the divine. (Faith)


Message History

The gnoll hits you from afar with a +0 spear.
The goblin misses you.
You barely miss the goblin. The goblin completely misses you.
You closely miss the goblin. The goblin barely misses you.
The gnoll closely misses you. You block the goblin's attack.
The goblin attacks as it pursues you! The goblin hits you but does no damage.
You completely miss the goblin. The goblin hits you but does no damage.
You barely miss the goblin. The gnoll hits you but does no damage.
The goblin hits you with a +0 dagger.
You hit the goblin.
You kill the goblin!
The gnoll closely misses you.
The gnoll hits you from afar with a +0 spear.
The gnoll hits you with a +0 spear.
Things that are here:
a +0 dagger; a goblin corpse You closely miss the gnoll.
The gnoll hits you with a +0 spear.
* * * LOW HITPOINT WARNING * * *
You can't drink.
Sorry, you're not good enough to have a special ability.
You closely miss the gnoll. The gnoll completely misses you.
The gnoll closely misses you.
You closely miss the gnoll. You block the gnoll's attack.
You closely miss the gnoll. You block the gnoll's attack.
The gnoll hits you with a +0 spear.
* * * LOW HITPOINT WARNING * * *
You barely miss the gnoll. The gnoll hits you but does no damage.
You barely miss the gnoll. The gnoll barely misses you.
You barely miss the gnoll. The gnoll hits you with a +0 spear.
* * * LOW HITPOINT WARNING * * *
The gnoll completely misses you.
You hit the gnoll but do no damage. The gnoll barely misses you.
You barely miss the gnoll. The gnoll hits you with a +0 spear.
* * * LOW HITPOINT WARNING * * *
The gnoll hits you with a +0 spear.
* * * LOW HITPOINT WARNING * * *
Press: ? - help, v - describe, . - travel The floor.
You barely miss the gnoll. The gnoll hits you with a +0 spear.
You die...

..... ############ .....
...........# .....
...........# ...##
...........#### .
..............# #
>......g...# .....g...!.#
##### ##########'###
....#####.......@g...##.
....(..##...............#
.......##............####
.......##............+
.......##............#
#......##............# #
##.#...##............#.#
.#.##+#########+##.....#.#
...# #..........#


You could see a gnoll.

Vanquished Creatures
  3 ball pythons (D:1)
  2 endoplasms (D:1)
  A giant cockroach (D:1)
  2 goblins (D:1)
  A kobold (D:1)
  A rat (D:1)
10 creatures vanquished.

Notes
Turn   | Place    | Note
-------+----------+-------------------------------------------
     0 | D:1      | Skitler the Mummy Fighter began the quest for the Orb.
     0 | D:1      | Reached XP level 1. HP: 18/18 MP: 1/1
    72 | D:1      | Reached XP level 2. HP: 23/24 MP: 2/2
   204 | D:1      | HP: 1/24 [gnoll/+0 spear (1)]
   205 | D:1      | Slain by a gnoll

Illustrated notes

Levels and vault maps discovered:
D:1:      denvon_arrival_waterhouse, layout_basic, amcnicky_mini_pool_small

Action                     || total
---------------------------++-------
  Melee: War axe           ||    34
 Armour: Scale mail        ||    23
  Dodge: Dodged            ||    26
  Block: Buckler           ||     9
